 Dungeon Crawl Stone Soup version 0.28-a0-503-g83f2989fac (webtiles) character file.

Game seed: 12180967433906322627

8 lunkers the Magician (level 2, 0/22 HPs)
             Began as a Djinni Earth Elementalist on Sept 20, 2021.
             Slain by a giant cockroach (1 damage)
             ... on level 1 of the Dungeon.
             The game lasted 00:00:44 (306 turns).

lunkers the Magician (Djinni Earth Elementalist)     Turns: 306, Time: 00:00:44

Health: 0/22       AC:  2    Str:  7    XL:     2   Next: 15%
Gold:   23         EV: 12    Int: 16    God:
                   SH:  0    Dex: 13

rFire   + + .      SeeInvis .   (no weapon)
rCold   x . .      Faith    .   (no shield)
rNeg    . . .      Spirit   .   b - +0 robe
rPois   ∞          Reflect  .   (no helmet)
rElec   .          Harm     .   (no cloak)
rCorr   .          Rampage  .   (no gloves)
Will    .....                   (boots unavailable)
Stlth   ++........              (no amulet)
HPRegen 0.07/turn               (no ring)
MPRegen 0.00/turn               (no ring)

@: flying
A: sickness immunity, fire resistance 2, cold vulnerability 1, float, innate
caster, hp casting, extra vitality 1
a: no special abilities


You were on level 1 of the Dungeon.
You visited 1 branch of the dungeon, and saw 1 of its levels.

You collected 23 gold pieces.

Inventory:

Missiles
 c - 18 stones
Armour
 b - a +0 robe (worn)
Potions
 a - a potion of heal wounds {unknown}


   Skills:
 + Level 0.7 Fighting
 - Level 2.1 Dodging
 - Level 1.5 Stealth
 * Level 2.7 Spellcasting


You couldn't memorise any spells.
You knew the following spells:

 Your Spells              Type           Power      Damage    Failure   Level
a - Sandblast             Erth           20%        2d7       6%          1
b - Passwall              Tmut/Erth      8%         N/A       10%         2
c - Stone Arrow           Conj/Erth      20%        3d8       19%         3
d - Petrify               Tmut/Erth      10%        N/A       52%         4
Your spell library was empty.

Dungeon Overview and Level Annotations

Branches:
Dungeon (1/15)

Altars:


Innate Abilities, Weirdness & Mutations

You are immune to sickness and miasma.
You are immune to poison.
Your flesh is very heat resistant. (rF++)
You are vulnerable to cold. (rC-)
You float through the air rather than walking.
You learn spells naturally, not from books.
Your magical power is your life essence.
You have superior vitality. (+4 HP)


Message History

Press: ? - help, Q - select action, (/) - cycle Shift-Dir - straight line, f - hobgoblin
Aim: a hobgoblin (79% to hit)
The blast of sand misses the hobgoblin.
* * * LOW HITPOINT WARNING * * *
The giant cockroach bites you.
* * * LOW HITPOINT WARNING * * *
The hobgoblin barely misses you.
Unknown command.
You don't have enough health to cast this spell.
Unknown command.
Unknown command.
Unknown command.
The giant cockroach bites you but does no damage.
Aiming: Sandblast (safe; 6% risk of failure)
Press: ? - help, Q - select action, (/) - cycle Shift-Dir - straight line, f/p - hobgoblin
Aim: a hobgoblin (79% to hit)
The blast of sand hits the hobgoblin.
The hobgoblin is severely wounded.
* * * LOW HITPOINT WARNING * * *
The giant cockroach bites you but does no damage.
The hobgoblin completely misses you.
Your magical contamination has completely faded away.
Unknown command.
The giant cockroach closely misses you.
Things that are here:
a +0 club; a goblin corpse The giant cockroach barely misses you.
You see here a +0 tower shield.
The giant cockroach bites you but does no damage.
Aiming: Sandblast (safe; 6% risk of failure)
Press: ? - help, Q - select action, (/) - cycle Shift-Dir - straight line, f/p - hobgoblin
Aim: a hobgoblin (severely wounded, 79% to hit)
The blast of sand hits the giant cockroach.
The giant cockroach is almost dead.
* * * LOW HITPOINT WARNING * * *
The giant cockroach completely misses you.
Unknown command.
Unknown command.
The giant cockroach bites you.
You die...

##################
#..)...[......gB.#
..##############@#
### #.# # #.#
##### .#######
....###
##.....####
......######.#
#'###.##.##
###...........
#...#.#.#.## #
###.######.#
####.#.####.# #
#.# ##P...8.'.#..#


You could see a giant cockroach and a hobgoblin.

Vanquished Creatures
  An endoplasm (D:1)
  A giant cockroach (D:1)
  A goblin (D:1)
  A hobgoblin (D:1)
  A quokka (D:1)
  A bat (D:1)
  A kobold (D:1)
7 creatures vanquished.

Notes
Turn   | Place    | Note
-------+----------+-------------------------------------------
     0 | D:1      | lunkers the Djinni Earth Elementalist began the quest for
                  | the Orb.
     0 | D:1      | Reached XP level 1. HP: 15/15 MP: 0/0
   150 | D:1      | Found a faded altar of an unknown god.
   234 | D:1      | Reached XP level 2. HP: 21/22 MP: 0/0
   283 | D:1      | HP: 1/22 [giant cockroach (2)]
   306 | D:1      | Slain by a giant cockroach

Illustrated notes

Levels and vault maps discovered:
D:1:      tarquinn_simple_flora_water_f, layout_loops_ring,
          shapermc_ecumenical_altar_ellora, chequers_serial_rivers_small_3

Action                   || total
-------------------------++-------
Melee: Unarmed           ||     7
 Cast: Sandblast         ||    12
Armor: Robe              ||     4
Dodge: Dodged            ||    11

Table legend: (Time is in decaauts)
 A = Elapsed time spent in this place.
 B = Non-inter-level travel time spent in this place.
 C = Inter-level travel time spent in this place.
 D = Time resting spent in this place.
 E = Time spent auto-exploring this place.
 F = Levels seen in this place.
 G = Mean time per level.
                   A        B        C        D        E       F      G
               +--------+--------+--------+--------+--------+-----+--------+
         Total |    306 |    306 |      0 |      0 |    252 |   1 |  306.0 |
       Dungeon |    306 |    306 |      0 |      0 |    252 |   1 |  306.0 |
               +--------+--------+--------+--------+--------+-----+--------+

Top non-repeatable levels by time:
     D:1: 306 daAuts
